 Dungeon Crawl Stone Soup version 0.23.1-37-gaa34b87 (webtiles) character file.

Game seed: 9291546920971747161

56 Borgoz the Sneak (level 3, -2/27 (28) HPs)
             Began as a Ghoul Enchanter on Mar 22, 2019.
             Slain by a phantom (6 damage)
             ... on level 4 of the Dungeon.
             The game lasted 00:02:43 (1203 turns).

Borgoz the Sneak (Ghoul Enchanter)                  Turns: 1203, Time: 00:02:43

HP:   -2/27 (28)    AC:  2    Str: 11    XL:     3   Next: 95%
MP:   4/4           EV: 12    Int: 10    God:
Gold: 68            SH:  0    Dex: 10    Spells: 2/5 levels left

rFire    . . .     SeeInvis .   a - +1 dagger
rCold    + . .     Gourm    .   (no shield)
rNeg     + + +     Faith    .   b - +0 robe
rPois    ∞         Spirit   .   (no helmet)
rElec    .         Reflect  .   (no cloak)
rCorr    .         Harm     .   (no gloves)
MR       .....                  (no boots)
Stlth    ++........             (no amulet)
HPRegen  0.00/turn              (no ring)
MPRegen  0.09/turn              (no ring)

@: rotting
A: rotting body, claws 1, carnivore, cold resistance 1, negative energy
resistance 3, inhibited regeneration, torment resistance, unbreathing
a: no special abilities


You were on level 4 of the Dungeon.
You were not hungry.

You visited 1 branch of the dungeon, and saw 3 of its levels.

You collected 68 gold pieces.

Inventory:

Hand Weapons
 a - a +1 dagger (weapon)
Armour
 b - a +0 robe (worn)
Jewellery
 f - an uncursed amulet of regeneration {unknown}
Scrolls
 c - a scroll of fear {unknown}
 e - 6 scrolls of identify {unknown}
 h - a scroll of random uselessness {unknown}
 i - a scroll of amnesia {unknown}
 j - 2 scrolls of remove curse {unknown}
Potions
 g - a potion of ambrosia {unknown}
 k - a potion of agility {unknown}
 l - a potion of degeneration {unknown}
Comestibles
 d - a ration


   Skills:
 + Level 1.0 Fighting
 * Level 1.8 Short Blades
 * Level 1.4 Armour
 * Level 2.4 Dodging
 - Level 3.2 Stealth
 - Level 1.7 Spellcasting
 - Level 2.4 Hexes


You had 2 spell levels left.
You knew the following spells:

 Your Spells              Type           Power        Failure   Level  Hunger
a - Corona                Hex            #......      12%         1    ##.....
b - Ensorcelled Hibernat  Hex/Ice        #.....       30%         2    ###....

Your spell library contained the following spells:

 Spells                   Type           Power        Failure   Level  Hunger
 Confuse                  Hex            #.......     34%         3    ####...
 Tukima's Dance           Hex            #.......     34%         3    ####...
 Dazzling Spray           Conj/Hex       #.....       52%         3    ####...


Dungeon Overview and Level Annotations

Branches:
Dungeon (2/15)

Altars:

Shops:
D:4 *


Innate Abilities, Weirdness & Mutations

Your body is rotting away.
You thrive on raw meat.
You are immune to poison.
You have sharp fingernails.
You are carnivorous and can eat meat at any time.
Your flesh is cold resistant. (rC+)
You are immune to negative energy. (rN+++)
You do not regenerate when monsters are visible.
You are immune to unholy pain and torment.
You can survive without breathing.


Message History

* * * LOW HITPOINT WARNING * * *
You miss the phantom.
The phantom is severely damaged.
The phantom barely misses you.
You barely miss the phantom.
The phantom is heavily damaged.
The phantom hits you but does no damage.
You closely miss the phantom.
The phantom is heavily damaged.
The phantom closely misses you.
You miss the phantom.
The phantom is heavily damaged.
The phantom barely misses you.
You barely miss the phantom.
The phantom is heavily damaged.
The phantom blinks!
You hit the phantom but do no damage.
The phantom is heavily damaged.
The phantom hits you.
You die...

.. ....
#.###...#
#.#≈≈≈..#
.≈≈≈≈≈.#
#≈≈∩..[#
≈≈≈≈≈# #≈≈≈#
.## #.#
########.....
#.#
#...§@W.....#
#.#
#.#####.....#
#.# #.# ....#
#.# #.# ....
#.#####.# ...
#.......# ..
######### #


You could see a phantom.

Vanquished Creatures
  3 adders
  An ooze (D:1)
  A worm (D:2)
  A dart slug (D:1)
  A leopard gecko (D:1)
  2 giant cockroaches
  A goblin (D:1)
  A hobgoblin (D:1)
  2 kobolds (D:1)
  A bat (D:1)
  5 frilled lizards
  2 rats (D:1)
21 creatures vanquished.

Notes
Turn   | Place    | Note
-------+----------+-------------------------------------------
     0 | D:1      | Borgoz the Ghoul Enchanter began the quest for the Orb.
     0 | D:1      | Reached XP level 1. HP: 14/14 MP: 2/2
   116 | D:1      | Reached skill level 1 in Short Blades
   223 | D:1      | Reached XP level 2. HP: 17/20 MP: 3/3
   231 | D:1      | Learned a level 2 spell: Ensorcelled Hibernation
   525 | D:1      | Reached skill level 1 in Armour
   701 | D:2      | Reached XP level 3. HP: 15/27 MP: 4/4
  1002 | D:2      | Reached skill level 1 in Fighting
  1153 | D:2      | You fall through a shaft for 2 floors!
  1163 | D:4      | Found Byehy's Assorted Antiques.
  1181 | D:4      | Noticed a phantom
  1203 | D:4      | Slain by a phantom

Skill      XL: |  1  2  3 |
---------------+----------+-----
Short Blades   | 1 |  1.8
Dodging        | 2 |  2.4
Armour         | 1 |  1.4
Fighting       | 1 |  1.0
Stealth        | |  3.2
Spellcasting   | |  1.7
Hexes          | |  2.4

Action                   || total
-------------------------++-------
Melee: Dagger            ||   100
 Cast: Ensorcelled Hiber ||     1
 Stab: Sleeping          ||     8
  Eat: Chunk             ||    10
Armor: Robe              ||    16
Dodge: Dodged            ||    43
